[Event "Titled Tuesday Blitz August 08 Early 2023"]
[White "Moskvin, Anatoly"]
[Black "Atakhan, Abtin"]
[WhiteFideId "24199990"]
[BlackFideId "22502203"]
[WhiteElo "2580"]
[BlackElo "2807"]
[Result "1-0"]
[Round "6"]
[TimeControl "180+1"]
[Date "2023.08.08"]
[WhiteClock "0:00:05"]
[BlackClock "0:00:03"]
[Board "61"]

1. e4 c5 2. Nf3 d6 3. d4 cxd4 4. Nxd4 Nf6 5. f3 e5 6. Bb5+ Bd7 7. Bxd7+ Qxd7 8. Nf5 d5 9. Bg5 dxe4 10. Bxf6 Qxd1+ 11. Kxd1 gxf6 12. fxe4 Rg8 13. g3 Nd7 14. Ke2 Rc8 15. c3 Nc5 16. Nd2 Na4 17. Rab1 Rc6 18. Rhf1 b5 19. Ne3 Bh6 20. Nd5 Bxd2 21. Rxf6 Rg6 22. Rxc6 Rxc6 23. Kxd2 Rh6 24. h4 Rg6 25. g4 Kf8 26. g5 h6 27. Rg1 Nxb2 28. Nc7 hxg5 29. hxg5 Nc4+ 30. Kd3 Rd6+ 31. Kc2 Rd2+ 32. Kb1 Na3+ 33. Ka1 a5 34. g6 fxg6 35. Rxg6 Rd1+ 36. Kb2 Nc4+ 37. Kc2 Rd2+ 38. Kc1 Rxa2 39. Nxb5 Re2 40. Nd6 Na3 41. Kd1 Rb2 42. Nc8 Nc4 43. Ra6 Rb1+ 44. Kc2 Na3+ 45. Kd2 Rb2+ 46. Kd3 Rb5 47. Nd6 Rc5 48. Nb7 Rc7 49. Nxa5 Rd7+ 50. Ke3 Nc2+ 51. Ke2 Rh7 52. Nc4 Rh2+ 53. Kd3 Ne1+ 54. Ke3 Nc2+ 55. Kf3 Rh3+ 56. Kg4 Rxc3 57. Nxe5 Rc5 58. Kf5 Nd4+ 59. Kf6 Rc8 60. Ra7 Re8 61. Ng6+ Kg8 62. Rg7# 1-0


[Site "https://www.chess.com"]

[Event "Titled Tuesday Blitz August 08 Early 2023"]
[White "vishwa_vijeta"]
[Black "Christiansen, Johan-Sebastian"]
[BlackFideId "1512668"]
[WhiteElo "2580"]
[BlackElo "2788"]
[Result "0-1"]
[Round "6"]
[TimeControl "180+1"]
[Date "2023.08.08"]
[WhiteClock "0:00:06"]
[BlackClock "0:01:45"]
[Board "62"]

1. e4 e5 2. Nf3 Nc6 3. d4 exd4 4. Nxd4 Nf6 5. Nxc6 bxc6 6. e5 Qe7 7. Qe2 Nd5 8. h4 a5 9. c4 Ba6 10. g3 a4 11. Bh3 Nb6 12. b3 axb3 13. axb3 Qb4+ 14. Nd2 Qc3 15. Rb1 Bc5 16. O-O Qxg3+ 17. Bg2 Qxh4 18. Ne4 Be7 19. Nd6+ cxd6 20. exd6 O-O 21. Qxe7 Qxe7 22. dxe7 Rfe8 23. Re1 Nc8 24. Ba3 Bxc4 25. bxc4 Rxa3 26. Rb8 Nd6 27. Rxe8+ Nxe8 28. Rb1 f5 29. Rb7 Rd3 30. Bf1 Rd1 31. Kg2 Kf7 32. Be2 Rd2 33. Bf3 g5 34. Bh5+ Kxe7 35. Bxe8 Kxe8 36. Rb8+ Kf7 37. Rh8 Kg7 38. Rd8 c5 39. Rc8 d6 40. Rc7+ Kg6 41. Rc6 Rd4 42. Rb6 h5 43. f3 h4 44. Kh3 Kh5 45. Rb2 g4+ 46. fxg4+ fxg4+ 47. Kh2 Rxc4 48. Rd2 Rd4 49. Rf2 Kg5 50. Rf8 c4 51. Rg8+ Kf4 52. Rf8+ Ke3 53. Re8+ Kd3 54. Rc8 c3 55. Kg2 Rc4 56. Kf2 Rxc8 57. Ke1 Rf8 58. Kd1 Rf1# 0-1


[Site "https://www.chess.com"]

[Event "Titled Tuesday Blitz August 08 Early 2023"]
[White "Rahman, Masruri"]
[Black "Manukyan, Sargis A."]
[WhiteFideId "7101163"]
[BlackFideId "13303970"]
[WhiteElo "2776"]
[BlackElo "2573"]
[Result "1-0"]
[Round "6"]
[TimeControl "180+1"]
[Date "2023.08.08"]
[WhiteClock "0:00:19"]
[BlackClock "0:00:56"]
[Board "63"]

1. d4 d5 2. Bf4 Nf6 3. e3 c5 4. Nc3 a6 5. Nf3 Nc6 6. dxc5 Bg4 7. Be2 e6 8. Ne5 Bxe2 9. Nxe2 Bxc5 10. O-O O-O 11. Nxc6 bxc6 12. c4 Bd6 13. Qa4 Bxf4 14. Nxf4 Qd6 15. Rfd1 Rfb8 16. b3 a5 17. cxd5 cxd5 18. Nd3 Ne4 19. Rac1 g6 20. Qd4 Qb6 21. Rc8+ Rxc8 22. Qxb6 Nc3 23. Ra1 a4 24. bxa4 Rxa4 25. h3 Nxa2 26. Ne5 Rca8 27. Qb2 h5 28. g4 hxg4 29. Nxg4 R8a7 30. Qf6 R4a6 31. Nh6+ Kh7 32. Nxf7 e5 33. Qh8# 1-0


[Site "https://www.chess.com"]

[Event "Titled Tuesday Blitz August 08 Early 2023"]
[White "Colbow, Collin"]
[Black "Zelbel, Patrick"]
[WhiteFideId "16201132"]
[BlackFideId "24624322"]
[WhiteElo "2578"]
[BlackElo "2770"]
[Result "1/2-1/2"]
[Round "6"]
[TimeControl "180+1"]
[Date "2023.08.08"]
[WhiteClock "0:00:15"]
[BlackClock "0:00:04"]
[Board "64"]

1. d4 Nf6 2. Nf3 c5 3. e3 a6 4. dxc5 e6 5. a3 Bxc5 6. b4 Be7 7. c4 O-O 8. Bb2 d5 9. Nbd2 b6 10. cxd5 Nxd5 11. Qc2 Bf6 12. Ne5 Bb7 13. Bd3 g6 14. O-O Nd7 15. Ndf3 Rc8 16. Qb3 Nxe5 17. Nxe5 Bxe5 18. Bxe5 Qg5 19. Bg3 Rc3 20. Qb1 Nxe3 21. fxe3 Qxe3+ 22. Bf2 Qxd3 23. Qxd3 Rxd3 24. Bxb6 Rc8 25. Bc5 e5 26. Rad1 Rcd8 27. Rxd3 Rxd3 28. a4 f5 29. Rc1 Rb3 30. Bd6 Rb2 31. Rc7 Bxg2 32. Bxe5 Re2 33. Rg7+ Kf8 34. Rxh7 Bc6 35. Bd6+ Kg8 36. Ra7 Bxa4 37. Rxa6 Bb5 38. Rb6 Bd3 39. Bc5 Rb2 40. Rxg6+ Kf7 41. Rd6 Be4 42. Rd7+ Ke6 43. Rd6+ Kf7 44. Rd7+ Ke6 45. Rd6+ Kf7 1/2-1/2


[Site "https://www.chess.com"]

[Event "Titled Tuesday Blitz August 08 Early 2023"]
[White "Tanenbaum, Zachary"]
[Black "Ingebretsen, Jens E"]
[WhiteFideId "2060850"]
[BlackFideId "1522965"]
[WhiteElo "2748"]
[BlackElo "2573"]
[Result "1-0"]
[Round "6"]
[TimeControl "180+1"]
[Date "2023.08.08"]
[WhiteClock "0:01:10"]
[BlackClock "0:01:43"]
[Board "65"]

1. e4 e5 2. Nf3 Nc6 3. Bc4 Nf6 4. d3 Bc5 5. c3 d6 6. Nbd2 a5 7. a4 Ba7 8. Nf1 Ng4 9. Ne3 Nxe3 10. Bxe3 Bxe3 11. fxe3 Be6 12. Bxe6 fxe6 13. Qb3 Qd7 14. Ng5 d5 15. O-O h6 16. Nxe6 Qxe6 17. exd5 Qd7 18. Qxb7 Rb8 19. Qxc6 Qxc6 20. dxc6 Rxb2 21. Rf5 Rf8 22. Rxe5+ Kd8 23. Rf1 Rxf1+ 24. Kxf1 Ra2 25. Rxa5 Ra3 26. Rd5+ Kc8 27. Rf5 Kb8 28. Rf8+ Ka7 29. Rf7 Kb6 30. Rxg7 Rxc3 31. Ke2 Rxc6 32. e4 Ka5 33. Ke3 Kxa4 34. e5 Rc1 35. Kd4 c5+ 36. Kd5 Kb4 37. e6 Kc3 38. e7 Re1 39. Kd6 Kxd3 40. Rg8 c4 41. e8=Q Rxe8 42. Rxe8 c3 43. Rc8 c2 44. Ke5 Kd2 45. Kf5 c1=Q 46. Rxc1 Kxc1 47. Kg6 1-0


[Site "https://www.chess.com"]

[Event "Titled Tuesday Blitz August 08 Early 2023"]
[White "Mekhitarian, Krikor Sevag"]
[Black "Taboas Rodriguez, Daniel"]
[WhiteFideId "2107660"]
[BlackFideId "2208466"]
[WhiteElo "2745"]
[BlackElo "2570"]
[Result "0-1"]
[Round "6"]
[TimeControl "180+1"]
[Date "2023.08.08"]
[WhiteClock "0:00:00"]
[BlackClock "0:00:11"]
[Board "66"]

1. Nf3 Nf6 2. c4 b6 3. d4 Bb7 4. Nc3 e6 5. e3 Be7 6. Bd3 O-O 7. O-O d5 8. cxd5 exd5 9. a3 c5 10. b3 Nc6 11. dxc5 bxc5 12. Na4 Rc8 13. Bb2 Na5 14. Bc2 Ba6 15. Re1 Ne4 16. Rc1 Rb8 17. Bxe4 dxe4 18. Nd2 Bd3 19. Nxc5 Qd5 20. b4 Nc6 21. Qg4 Ne5 22. Bxe5 Qxe5 23. Nd7 Qb2 24. Nxb8 Qxd2 25. Nc6 Bf6 26. Nxa7 Qa2 27. Rc8 g6 28. Rxf8+ Kxf8 29. Nc6 Qxa3 30. Qd7 Qc3 31. Rd1 Qc2 32. Re1 Qc3 33. Rd1 Qc2 34. Rf1 Bxf1 35. Kxf1 Qc1+ 36. Ke2 Qc2+ 37. Kf1 Qc1+ 38. Ke2 Qc4+ 39. Ke1 Bc3+ 40. Kd1 Qb3+ 41. Ke2 Qc2+ 42. Kf1 Qc1+ 0-1


[Site "https://www.chess.com"]

[Event "Titled Tuesday Blitz August 08 Early 2023"]
[White "Adewumi, Tanitoluwa"]
[Black "FoxOnTheRun97"]
[WhiteFideId "30966396"]
[WhiteElo "2743"]
[BlackElo "2566"]
[Result "1-0"]
[Round "6"]
[TimeControl "180+1"]
[Date "2023.08.08"]
[WhiteClock "0:00:22"]
[BlackClock "0:00:07"]
[Board "67"]

1. e4 c6 2. d4 d5 3. exd5 cxd5 4. Bd3 Nc6 5. c3 Qc7 6. Ne2 e5 7. dxe5 Nxe5 8. O-O Nxd3 9. Qxd3 Nf6 10. Bg5 Be7 11. Nf4 O-O 12. Bxf6 Bxf6 13. Nxd5 Qc6 14. Nd2 Bd8 15. Nf3 Be6 16. Rad1 Re8 17. Rfe1 h6 18. a3 a5 19. h3 a4 20. Qd4 Rc8 21. Re2 Qc5 22. Nf4 Qxd4 23. Rxd4 b5 24. Rde4 Bf6 25. Nxe6 fxe6 26. Rxe6 Rxe6 27. Rxe6 Rc5 28. Kf1 Rd5 29. Ke2 Kf7 30. Re3 h5 31. Rd3 Rc5 32. Nd2 Re5+ 33. Re3 Rd5 34. Ne4 Be7 35. Rf3+ Ke6 36. Rd3 Re5 37. Re3 g5 38. g3 Kf5 39. Nd2 Rxe3+ 40. Kxe3 Bc5+ 41. Kf3 g4+ 42. hxg4+ hxg4+ 43. Ke2 Ke5 44. Nf1 Kf5 45. Ne3+ Kg5 46. Nc2 Kf5 47. Nd4+ Bxd4 48. cxd4 Ke4 49. d5 Kxd5 50. Kd3 Ke5 51. Ke3 Kd5 52. f3 gxf3 53. g4 Kc4 54. g5 Kd5 55. Kxf3 Ke6 56. Ke3 Kf5 57. Kd4 Kxg5 58. Kc5 Kf4 59. Kxb5 Ke5 60. Kxa4 Kd6 61. b4 Kc6 62. Kb3 Kb6 63. a4 Ka6 64. Kc4 Kb6 65. b5 Ka5 66. Kc5 Kxa4 67. b6 1-0


[Site "https://www.chess.com"]

[Event "Titled Tuesday Blitz August 08 Early 2023"]
[White "Wagner, Dennis"]
[Black "Mogirzan, Matei-Valeriu"]
[WhiteFideId "24650684"]
[BlackFideId "1257455"]
[WhiteElo "2737"]
[BlackElo "2565"]
[Result "1-0"]
[Round "6"]
[TimeControl "180+1"]
[Date "2023.08.08"]
[WhiteClock "0:00:08"]
[BlackClock "0:00:06"]
[Board "68"]

1. e4 e5 2. Nf3 Nf6 3. Nxe5 Nc6 4. Nf3 Nxe4 5. d3 f5 6. dxe4 fxe4 7. Ng5 d5 8. Nc3 Bb4 9. a3 Bxc3+ 10. bxc3 Qf6 11. Qd2 h6 12. Nh3 Bxh3 13. gxh3 Ne5 14. Be2 O-O-O 15. O-O g5 16. Qd4 Qe6 17. Kh1 Rde8 18. Qxa7 Qxh3 19. Qa8+ Kd7 20. Qxb7 Kd6 21. Rd1 c6 22. a4 Rhf8 23. Ba3+ Ke6 24. Bxf8 Rxf8 25. Qb6 g4 26. Rg1 Rf3 27. Bxf3 Nxf3 28. Qxc6+ Ke7 29. Rg2 Nh4 30. Qc7+ Ke6 31. Qg3 Nxg2 32. Qxh3 gxh3 33. a5 Kf5 34. a6 Kf4 35. a7 Kf3 36. a8=Q Kxf2 37. Qa7+ e3 38. Qf7+ Ke2 39. Qf1+ Kd2 40. Qd3# 1-0


[Site "https://www.chess.com"]

[Event "Titled Tuesday Blitz August 08 Early 2023"]
[White "splendidkid"]
[Black "Aarav Dengla"]
[BlackFideId "45059756"]
[WhiteElo "2731"]
[BlackElo "2560"]
[Result "1-0"]
[Round "6"]
[TimeControl "180+1"]
[Date "2023.08.08"]
[WhiteClock "0:00:05"]
[BlackClock "0:00:05"]
[Board "69"]

1. d4 d5 2. c4 e6 3. Nf3 a6 4. cxd5 exd5 5. Nc3 h6 6. Bf4 Nf6 7. e3 Bd6 8. Bg3 O-O 9. Qc2 Nc6 10. Be2 Ne7 11. O-O Bxg3 12. hxg3 Bf5 13. Qb3 b6 14. Rac1 c5 15. dxc5 bxc5 16. Rfd1 Be6 17. Qa3 Nd7 18. Na4 c4 19. b3 cxb3 20. axb3 Nf5 21. Nc3 Qb6 22. Nxd5 Qb7 23. Nc7 Ra7 24. Nxe6 fxe6 25. g4 Nxe3 26. fxe3 Qe4 27. b4 Qxg4 28. Rd4 Qg3 29. b5 Ne5 30. Nxe5 axb5 31. Qxf8+ Kxf8 32. Rc8+ Ke7 33. Nc6+ Kf6 34. Rf4+ Kg5 35. Rg4+ Qxg4 36. Bxg4 Ra1+ 37. Kh2 Kxg4 38. Nd4 Re1 39. Nxe6 Rxe3 40. Nxg7 Re7 41. Rg8 Kf4 42. Rf8+ Ke4 43. Nf5 Re5 44. Ng3+ Kd4 45. Rc8 b4 46. Nf1 Kd3 47. Rd8+ Kc2 48. Rc8+ Kd3 49. Rd8+ Kc2 50. Nd2 b3 51. Nf3 Re4 52. Rc8+ Kd3 53. Rb8 Kc2 54. Rc8+ Kb2 55. Nd2 Rd4 56. Nc4+ Ka2 57. Ra8+ Kb1 58. Na3+ Kb2 59. Kg3 Rd3+ 60. Kh4 Rd2 61. Nc4+ Kc3 62. Nxd2 Kd3 63. Rb8 Kxd2 64. Rxb3 Ke2 65. Rb6 1-0


[Site "https://www.chess.com"]

[Event "Titled Tuesday Blitz August 08 Early 2023"]
[White "Prohaszka, Peter"]
[Black "Unat, Can Haktan"]
[WhiteFideId "726265"]
[BlackFideId "6398073"]
[WhiteElo "2728"]
[BlackElo "2559"]
[Result "1-0"]
[Round "6"]
[TimeControl "180+1"]
[Date "2023.08.08"]
[WhiteClock "0:00:22"]
[BlackClock "0:00:26"]
[Board "70"]

1. d4 Nf6 2. Nf3 c5 3. c3 cxd4 4. cxd4 g6 5. Nc3 d5 6. Bf4 Bg7 7. e3 O-O 8. h3 Nh5 9. Bh2 Nc6 10. Be2 Nf6 11. O-O Ne4 12. Rc1 Be6 13. Qb3 Na5 14. Qb4 b6 15. Ba6 Nd6 16. b3 Qd7 17. Rfd1 Ne4 18. Nxe4 dxe4 19. Ng5 Bd5 20. Rc7 Qf5 21. h4 e6 22. Bd6 h6 23. Be2 hxg5 24. g4 Qf6 25. Be7 gxh4 26. Bxf6 Bxf6 27. Ba6 Bd8 28. Rc2 f5 29. gxf5 Rxf5 30. Kh1 Bg5 31. Rg1 Raf8 32. Rg2 h3 33. Rh2 Rf3 34. Rc8 Rxc8 35. Bxc8 Bxe3 36. Qe7 Bxd4 37. Bxe6+ Bxe6 38. Qxe6+ Rf7 39. Rxh3 Bxf2 40. Rh7 Kxh7 41. Qxf7+ Kh6 42. Qxf2 Nc6 43. Qf4+ Kg7 44. Qxe4 Ne5 45. Qxe5+ Kh6 46. Qc7 a5 47. Qa7 a4 48. Qxb6 axb3 49. Qxb3 Kh5 50. a4 g5 51. Kg1 Kh4 52. a5 g4 53. Qb2 g3 54. Qg2 Kg4 55. a6 Kh4 56. a7 Kh5 57. a8=Q Kh6 58. Qh8+ Kg5 59. Qg8+ Kf5 60. Q8xg3 Kf6 61. Q3f3+ Ke7 62. Qge2+ Kd6 63. Qfd3+ Kc5 64. Qec2+ Kb4 65. Qdb3+ Ka5 66. Qca2# 1-0


[Site "https://www.chess.com"]

[Event "Titled Tuesday Blitz August 08 Early 2023"]
[White "Santos Flores, Alberto"]
[Black "Hulka, Valentyn"]
[WhiteFideId "3601234"]
[BlackFideId "34107061"]
[WhiteElo "2559"]
[BlackElo "2723"]
[Result "1/2-1/2"]
[Round "6"]
[TimeControl "180+1"]
[Date "2023.08.08"]
[WhiteClock "0:00:11"]
[BlackClock "0:00:08"]
[Board "71"]

1. e4 c5 2. Nf3 Nf6 3. Nc3 d5 4. exd5 Nxd5 5. Bc4 Nxc3 6. bxc3 e6 7. O-O Bd6 8. Qe2 O-O 9. Ne5 Qc7 10. Re1 b6 11. d3 Nd7 12. Bf4 Nxe5 13. Bxe5 Bxe5 14. Qxe5 Qxe5 15. Rxe5 Rd8 16. a4 Kf8 17. a5 Bb7 18. Ree1 Bc6 19. Reb1 Rdb8 20. axb6 axb6 21. Rxa8 Bxa8 22. d4 cxd4 23. cxd4 Ke7 24. Bd3 g6 25. f3 Kd6 26. Kf2 Kc7 27. Ke3 Rd8 28. Ra1 Bb7 29. Be4 Bxe4 30. fxe4 Kb7 31. c4 Rc8 32. Kd3 f5 33. exf5 exf5 34. Re1 Rc7 35. d5 Rd7 36. Kd4 Kc7 37. Re6 Rf7 38. Rc6+ Kb7 39. Ke5 f4 40. Rf6 Re7+ 41. Kxf4 Re2 42. Rf7+ Kc8 43. Rxh7 Rxg2 44. Ke5 Rc2 45. Rg7 Rxc4 46. Rxg6 b5 47. Rb6 b4 48. Kd6 Rh4 49. Rc6+ Kd8 50. Rc2 Rh6+ 51. Kc5 Rh4 52. Rb2 Kd7 53. Rxb4 Rxh2 54. Rb7+ Kc8 55. Rg7 Rh6 56. Re7 Kd8 57. Ra7 Rg6 58. d6 Rg1 59. Kc6 Rc1+ 60. Kd5 Rd1+ 61. Ke6 Re1+ 62. Kd5 Rd1+ 63. Ke6 Re1+ 64. Kd5 Rd1+ 1/2-1/2


[Site "https://www.chess.com"]

[Event "Titled Tuesday Blitz August 08 Early 2023"]
[White "Timmermans, Mark"]
[Black "Al-Tarboush, Ward"]
[WhiteFideId "1026399"]
[BlackFideId "7601450"]
[WhiteElo "2717"]
[BlackElo "2557"]
[Result "1-0"]
[Round "6"]
[TimeControl "180+1"]
[Date "2023.08.08"]
[WhiteClock "0:00:40"]
[BlackClock "0:00:00"]
[Board "72"]

1. b4 e6 2. Bb2 Nf6 3. b5 c5 4. c4 Be7 5. e3 O-O 6. a4 a5 7. Nf3 b6 8. Be2 Bb7 9. O-O d5 10. d4 dxc4 11. Bxc4 Nbd7 12. Nbd2 Rc8 13. Be2 Re8 14. Rc1 Nf8 15. Ne5 Ng6 16. Ndc4 Bd5 17. Bf3 Ne4 18. dxc5 Bxc5 19. Nc6 Qg5 20. Bd4 Nh4 21. N4e5 Bxd4 22. Qxd4 Nxg2 23. Bxg2 Nc3 24. Qg4 Ne2+ 25. Kh1 Qxg4 26. Nxg4 Nxc1 27. Rxc1 Bxc6 28. Bxc6 f6 29. e4 e5 30. Ne3 Red8 31. Nd5 Rb8 32. Kg2 Kf8 33. Kf3 Kf7 34. Ke3 Ke6 35. f3 g6 36. Nc7+ Ke7 37. h4 f5 38. h5 f4+ 39. Ke2 Rd4 40. hxg6 hxg6 41. Rg1 Kf6 42. Nd5+ Kf7 43. Nc3 Rbd8 44. Bd5+ Kf6 45. Bb3 Kg7 46. Be6 R8d6 47. Bf5 Rc4 48. Nd5 Rc2+ 49. Kd3 Ra2 50. Kc4 Rxa4+ 51. Kb3 Rd4 52. Bg4 Rd3+ 53. Kc4 Rd4+ 54. Kc3 a4 55. Ra1 g5 56. Nb4 Rh6 57. Rxa4 Rh2 58. Ra7+ Kg6 59. Bf5+ Kf6 60. Rb7 Rf2 61. Rxb6+ Kf7 62. Bg4 Rg2 63. Bh5+ Ke7 64. Nd5+ Kd7 65. Bg4+ Ke8 66. Be6 Kf8 67. Rb7 Rg3 68. Rf7+ Ke8 69. Nf6+ Kd8 70. Bg4 Rd6 71. Nd5 1-0


[Site "https://www.chess.com"]

[Event "Titled Tuesday Blitz August 08 Early 2023"]
[White "Girsh, Daniel"]
[Black "Suyarov, Mukhammadzokhid"]
[WhiteFideId "30949190"]
[BlackFideId "14210495"]
[WhiteElo "2552"]
[BlackElo "2714"]
[Result "1/2-1/2"]
[Round "6"]
[TimeControl "180+1"]
[Date "2023.08.08"]
[WhiteClock "0:00:24"]
[BlackClock "0:01:28"]
[Board "73"]

1. d4 e6 2. c4 b6 3. Nc3 Bb7 4. a3 f5 5. d5 Nf6 6. dxe6 dxe6 7. Qxd8+ Kxd8 8. Nf3 Nbd7 9. Bf4 Bd6 10. Bxd6 cxd6 11. O-O-O Ke7 12. e3 Ne5 13. Nxe5 dxe5 14. Be2 g5 15. f3 h5 16. Rd2 g4 17. Rhd1 gxf3 18. Bxf3 e4 19. Be2 Rad8 20. Nb5 Rxd2 21. Rxd2 a6 22. Nd4 Rg8 23. g3 h4 24. gxh4 Rh8 25. h5 Nxh5 26. c5 bxc5 27. Nb3 Nf6 28. Nxc5 Bd5 29. Nxa6 Rxh2 30. b4 Rxe2 31. Rxe2 Bc4 32. Rb2 Bxa6 33. b5 Bc8 34. a4 Nd5 35. Kd2 e5 36. a5 f4 37. b6 fxe3+ 38. Ke1 Bb7 39. Rb5 Kd6 40. a6 Bxa6 41. b7 Bxb7 42. Rxb7 Nf4 43. Rb3 Ke6 44. Kf1 e2+ 45. Ke1 Kf5 46. Rg3 Kf6 47. Ra3 Ke6 48. Ra5 Kf5 49. Ra3 Kg4 50. Kf2 Kf5 51. Rb3 Ke6 52. Rb6+ Kd5 53. Rb5+ Kc4 54. Ra5 Kd4 55. Ra4+ Kd3 56. Ra3+ Kd2 57. Ra2+ Kc3 58. Ra3+ Kb4 59. Re3 e1=Q+ 60. Rxe1 Nd3+ 61. Ke3 Nxe1 62. Kxe4 Nf3 63. Kxf3 Kc5 64. Ke4 Kd6 65. Ke3 Kd5 66. Kd3 e4+ 67. Ke3 Ke5 68. Ke2 Kd4 69. Kd2 e3+ 70. Ke2 Ke4 71. Ke1 Kd3 72. Kd1 Ke4 73. Ke2 Kf4 74. Ke1 Kf3 75. Kf1 e2+ 76. Ke1 Kg2 77. Kxe2 1/2-1/2


[Site "https://www.chess.com"]

[Event "Titled Tuesday Blitz August 08 Early 2023"]
[White "Mendez Fortes, Eduardo Jesus"]
[Black "Jaferian, Koosha"]
[WhiteFideId "3502376"]
[BlackFideId "12507440"]
[WhiteElo "2548"]
[BlackElo "2709"]
[Result "1-0"]
[Round "6"]
[TimeControl "180+1"]
[Date "2023.08.08"]
[WhiteClock "0:00:04"]
[BlackClock "0:00:02"]
[Board "74"]

1. e4 c6 2. d4 d5 3. e5 Bf5 4. Nf3 e6 5. Be2 c5 6. Be3 cxd4 7. Nxd4 Ne7 8. Nd2 Nbc6 9. N2f3 Be4 10. O-O Bxf3 11. Nxf3 Ng6 12. Bb5 Be7 13. c4 dxc4 14. Qa4 Qc7 15. Rac1 O-O 16. Bxc6 bxc6 17. Bd4 c5 18. Qxc4 Rfc8 19. b4 Rab8 20. Bxc5 Nxe5 21. Nxe5 Qxe5 22. Rfe1 Qc7 23. Qd4 Bf6 24. Qe3 Qb7 25. Bxa7 Ra8 26. Rxc8+ Qxc8 27. b5 Qb7 28. b6 Rc8 29. a4 h6 30. a5 Rc4 31. g3 h5 32. Qd3 Ra4 33. Qb5 Ra2 34. Qc4 h4 35. Qc7 Qf3 36. b7 h3 37. b8=Q+ Kh7 38. Qbb7 Qd3 39. Qb1 Qxb1 40. Rxb1 Re2 41. Qc1 g5 42. Qf1 Re4 43. Qxh3+ Kg6 44. Qg2 Ra4 45. Rf1 Rxa5 46. Be3 Rf5 47. h4 gxh4 48. Qe4 h3 49. g4 Kg7 50. gxf5 exf5 51. Qxf5 h2+ 52. Kh1 Be7 53. f4 Bd6 54. Rf3 Kf8 55. Rg3 Ke7 56. Bd4 Kd8 57. Re3 Kc7 58. Qxf7+ Kc6 59. Rc3+ Kb5 60. Qc4+ Ka5 61. Rb3 Bc7 62. Qb5# 1-0


[Site "https://www.chess.com"]

[Event "Titled Tuesday Blitz August 08 Early 2023"]
[White "Morefield, Jason"]
[Black "Camilla_Lee"]
[WhiteFideId "30920825"]
[WhiteElo "2692"]
[BlackElo "2550"]
[Result "1-0"]
[Round "6"]
[TimeControl "180+1"]
[Date "2023.08.08"]
[WhiteClock "0:00:06"]
[BlackClock "0:00:13"]
[Board "75"]

1. d4 Nf6 2. c4 c6 3. Nf3 d5 4. e3 Bg4 5. Qb3 Qb6 6. Ne5 Bf5 7. c5 Qxb3 8. axb3 Bxb1 9. Rxb1 Nbd7 10. Nf3 a6 11. Bd2 Ne4 12. Bd3 f5 13. Ba5 e5 14. b4 exd4 15. Nxd4 g6 16. f3 Nef6 17. Kf2 Kf7 18. h3 Ne5 19. Be2 h5 20. Bc7 Re8 21. Rhe1 Bg7 22. Nb3 Nc4 23. Bxc4 dxc4 24. Na5 Nd5 25. Nxb7 Re7 26. Nd6+ Ke6 27. Ba5 c3 28. bxc3 Bxc3 29. Re2 Be5 30. e4 Nc3 31. exf5+ gxf5 32. Rxe5+ Kxe5 33. Re1+ Kf6 34. Rxe7 Kxe7 35. Nxf5+ Ke6 36. Nd4+ Kd5 37. Ke3 Kc4 38. Nxc6 Re8+ 39. Kf4 Re2 40. g4 Nd5+ 41. Kg5 hxg4 42. hxg4 Rf2 43. Ne5+ Kd4 44. Nc6+ Kc4 45. Nd8 Rxf3 46. c6 Rf8 47. c7 Nxc7 48. Bxc7 Rg8+ 49. Kf5 Kxb4 50. Ne6 a5 51. Bd6+ Kb3 52. g5 a4 53. Nd4+ Kc4 54. Nc2 Kb3 55. Na3 Rxg5+ 56. Kxg5 Kb2 57. Kf6 Kb3 58. Ke5 Kc3 59. Kd5 Kb3 60. Kc6 Kc3 61. Kb5 Kb3 62. Bb4 Kb2 63. Kxa4 Kc1 64. Nb5 Kd1 65. Nd4 Kc1 66. Kb5 Kb2 67. Kc4 Kc1 68. Kd3 Kd1 69. Ba5 Kc1 70. Ke2 Kb2 71. Bb4 Ka2 72. Kd2 Kb2 73. Kd1 Ka2 74. Kc2 Ka1 75. Nb3+ Ka2 76. Nc1+ Ka1 77. Bc3# 1-0


[Site "https://www.chess.com"]

[Event "Titled Tuesday Blitz August 08 Early 2023"]
[White "Keleberda, Tymur"]
[Black "KarolKacprzak"]
[WhiteFideId "14174294"]
[WhiteElo "2544"]
[BlackElo "2692"]
[Result "1-0"]
[Round "6"]
[TimeControl "180+1"]
[Date "2023.08.08"]
[WhiteClock "0:01:21"]
[BlackClock "0:00:35"]
[Board "76"]

1. e4 c5 2. Nf3 d6 3. c3 Nf6 4. h3 Nc6 5. Bd3 g6 6. Bc2 Bg7 7. d4 O-O 8. O-O cxd4 9. cxd4 d5 10. e5 Ne4 11. Re1 Bf5 12. Nbd2 Rc8 13. Nxe4 dxe4 14. Bxe4 Bxe4 15. Rxe4 Qd5 16. Re1 Rfd8 17. Be3 Nb4 18. Re2 a5 19. a3 Nc6 20. Rd2 b5 21. Rc1 Qd7 22. Rc5 b4 23. Qb3 Bf8 24. d5 Nb8 25. Rxa5 bxa3 26. bxa3 Rc1+ 27. Kh2 Bg7 28. Ra7 Rc7 29. Rxc7 Qxc7 30. d6 exd6 31. exd6 Qd7 32. Bf4 Nc6 33. a4 Rb8 34. Qd5 Ra8 35. Rc2 Ra6 36. Qb5 1-0


[Site "https://www.chess.com"]

[Event "Titled Tuesday Blitz August 08 Early 2023"]
[White "Janaszak, Dawid"]
[Black "Korchmar, Vasiliy"]
[WhiteFideId "1119206"]
[BlackFideId "24131750"]
[WhiteElo "2542"]
[BlackElo "2692"]
[Result "0-1"]
[Round "6"]
[TimeControl "180+1"]
[Date "2023.08.08"]
[WhiteClock "0:00:00"]
[BlackClock "0:01:30"]
[Board "77"]

1. d4 d5 2. Nf3 Nf6 3. c4 c6 4. Nbd2 Bg4 5. Qb3 Qb6 6. c5 Qc7 7. Ne5 Bf5 8. Qf3 e6 9. g4 Bg6 10. g5 Be4 11. Nxe4 Nxe4 12. a3 Bxc5 13. e3 Bd6 14. Nd3 Nd7 15. h4 e5 16. Bh3 exd4 17. exd4 O-O 18. Be3 c5 19. dxc5 Ndxc5 20. Nxc5 Bxc5 21. Rc1 Qb6 22. Bxc5 Nxc5 23. O-O Ne4 24. Rfd1 Rad8 25. b4 a5 26. bxa5 Qxa5 27. Bf5 Rfe8 28. Kg2 g6 29. Bg4 Nd2 30. Qf6 Qa4 31. Kh3 Qxa3+ 32. f3 Ne4 33. Qf4 Nf2+ 34. Kg2 Nxd1 35. Rc7 Re7 36. Qf6 Rde8 37. Rc1 Qxc1 0-1


[Site "https://www.chess.com"]

[Event "Titled Tuesday Blitz August 08 Early 2023"]
[White "Agibileg, Uurtsaikh"]
[Black "Salman, Pavel"]
[WhiteFideId "4901606"]
[BlackFideId "24153753"]
[WhiteElo "2683"]
[BlackElo "2541"]
[Result "0-1"]
[Round "6"]
[TimeControl "180+1"]
[Date "2023.08.08"]
[WhiteClock "0:00:04"]
[BlackClock "0:00:07"]
[Board "78"]

1. d4 Nf6 2. c4 c5 3. d5 b5 4. cxb5 a6 5. b6 e6 6. dxe6 fxe6 7. Nf3 Be7 8. e3 O-O 9. Bd3 Qxb6 10. O-O Nc6 11. b3 Kh8 12. Bb2 a5 13. Nbd2 d5 14. e4 a4 15. Rb1 a3 16. Ba1 Nb4 17. Be2 Nxa2 18. Ng5 Nb4 19. h4 a2 20. Rc1 Bd7 21. e5 Ng8 22. Ndf3 Be8 23. Bd3 Nxd3 24. Qxd3 Bg6 25. Qe3 Nh6 26. Nh3 Nf5 27. Qd2 Nxh4 28. Nfg5 Ra3 29. Rc3 d4 30. Rg3 Rxb3 31. Qxa2 Rxg3 32. fxg3 Nf5 33. Nxe6 Bf7 34. Nhf4 g5 35. Qc2 Bxe6 36. Nxe6 Qxe6 37. g4 Ne3 38. Rxf8+ Bxf8 39. Qe4 Qxg4 40. Qa8 Qxg2+ 41. Qxg2 Nxg2 42. Kxg2 Kg8 43. Kf3 Kf7 44. Ke4 Ke6 45. Bb2 Bg7 46. Bc1 h6 0-1


[Site "https://www.chess.com"]

[Event "Titled Tuesday Blitz August 08 Early 2023"]
[White "Godzwon, Iwo"]
[Black "Ismagilov, Damir"]
[WhiteFideId "21802483"]
[BlackFideId "34199982"]
[WhiteElo "2681"]
[BlackElo "2540"]
[Result "0-1"]
[Round "6"]
[TimeControl "180+1"]
[Date "2023.08.08"]
[WhiteClock "0:00:28"]
[BlackClock "0:00:13"]
[Board "79"]

1. e4 c5 2. Nf3 d6 3. d4 cxd4 4. Nxd4 Nf6 5. Nc3 a6 6. Bg5 Nbd7 7. Bc4 Qb6 8. Nb3 e6 9. Qe2 Ne5 10. f3 Qc7 11. Bd3 Be7 12. O-O-O b5 13. a3 Bb7 14. Kb1 h6 15. Be3 O-O 16. g4 Nxd3 17. cxd3 Nd7 18. h4 Rab8 19. f4 Ba8 20. g5 b4 21. axb4 Rxb4 22. gxh6 Rxb3 23. hxg7 Rfb8 24. Na4 Bf6 25. Bc1 Nc5 26. Qh5 Bxg7 27. Rdg1 f5 28. Nxc5 Rxb2+ 29. Bxb2 Rxb2+ 30. Kc1 Qxc5+ 31. Kd1 Qc2+ 32. Ke1 Rb1+ 0-1


[Site "https://www.chess.com"]

[Event "Titled Tuesday Blitz August 08 Early 2023"]
[White "Degenbaev, Aziz"]
[Black "Sokolovsky, Yahli"]
[WhiteFideId "13802640"]
[BlackFideId "2820242"]
[WhiteElo "2536"]
[BlackElo "2676"]
[Result "0-1"]
[Round "6"]
[TimeControl "180+1"]
[Date "2023.08.08"]
[WhiteClock "0:02:09"]
[BlackClock "0:00:48"]
[Board "80"]

1. d4 d5 2. Nf3 c6 3. c4 e6 4. Qc2 Nd7 5. g3 Ngf6 6. Bg2 Ne4 7. O-O Be7 8. Bf4 g5 9. Bc1 f5 10. b3 g4 11. Nfd2 Ndf6 12. Ba3 h5 13. Bxe7 Qxe7 14. Nxe4 Nxe4 15. f3 Nd6 16. Nd2 h4 17. e4 hxg3 18. e5 Rxh2 19. exd6 Qh4 20. fxg4 Rh1+ 0-1


[Site "https://www.chess.com"]